 Dungeon Crawl Stone Soup version 0.22.1-1-ga44c0e5 (webtiles) character file.

1054 lysyklops the Covered (level 8, -4/71 HPs)
             Began as a Minotaur Fighter on Sept 22, 2018.
             Was an Initiate of Makhleb.
             Slain by an orc warrior
             ... wielding a +0 halberd
              (14 damage)
             ... on level 6 of the Dungeon.
             The game lasted 00:10:15 (4240 turns).

lysyklops the Covered (Minotaur Fighter)            Turns: 4240, Time: 00:10:16

Health: -4/71      AC:  9    Str: 23    XL:     8   Next: 5%
Magic:  7/7        EV:  8    Int:  5    God:    Makhleb [......]
Gold:   353        SH: 10    Dex: 10    Spells: 7/7 levels left

rFire    . . .     SeeInvis .   a - +0 war axe
rCold    . . .     Gourm    .   c - +0 shield
rNeg     . . .     Faith    .   b - +0 scale mail
rPois    .         Spirit   .   (helmet restricted)
rElec    .         Reflect  .   l - +0 cloak
rCorr    .         Harm     .   (no gloves)
MR       .....                  (no boots)
Stlth    ..........             (no amulet)
HPRegen  0.21/turn              (no ring)
MPRegen  0.10/turn              (no ring)

@: no status effects
A: retaliatory headbutt, horns 2
a: Renounce Religion


You were on level 6 of the Dungeon.
You worshipped Makhleb.
Makhleb was noncommittal.
You were not hungry.

You visited 1 branch of the dungeon, and saw 6 of its levels.

You collected 353 gold pieces.

Inventory:

Hand Weapons
 a - a +0 war axe (weapon)
 u - a +0 battleaxe
Armour
 b - a +0 scale mail (worn)
 c - a +0 shield (worn)
 l - a +0 cloak (worn)
Jewellery
 w - a cursed -2 ring of protection {unknown}
Wands
 o - a wand of iceblast (8)
 v - a wand of enslavement (11)
Scrolls
 e - 2 scrolls of immolation {unknown}
 g - a scroll of teleportation {unknown}
 h - 3 scrolls of identify {unknown}
 k - 3 scrolls of enchant armour {unknown}
 m - 3 scrolls of remove curse {unknown}
 n - 3 scrolls of noise {unknown}
 p - a scroll of fog {unknown}
 q - a scroll of fear {unknown}
 s - a scroll of random uselessness {unknown}
 t - a scroll of blinking {unknown}
Potions
 d - a potion of might
 i - 6 potions of curing {unknown}
 j - a potion of flight {unknown}
 r - a potion of heal wounds {unknown}
 x - a potion of mutation {unknown}
 z - a potion of agility {unknown}
Comestibles
 f - 15 rations


   Skills:
 + Level 6.6 Fighting
 + Level 5.9 Axes
 + Level 6.7 Armour
 + Level 6.7 Shields


You had 7 spell levels left.
You didn't know any spells.
Your spell library contained the following spells:

 Spells                   Type           Power        Failure   Level  Hunger
 Infusion                 Chrm           #...         98%         1    ##.....
 Shroud of Golubria       Chrm/Tloc      #.........   99%         2    ###....
 Song of Slaying          Chrm           #.......     99%         2    ###....
 Regeneration             Chrm/Necr      #.........   100%        3    ####...
 Spectral Weapon          Hex/Chrm       #.......     100%        3    ####...


Dungeon Overview and Level Annotations

Branches:
Dungeon (6/15)             Temple (0/1) D:6

Altars:
Cheibriados
Fedhas
Gozag
Hepliaklqana
Makhleb
Nemelex Xobeh
Ru
Xom
Zin
The Shining One


Innate Abilities, Weirdness & Mutations

You reflexively headbutt those who attack you in melee.
You have a pair of horns on your head.


Message History

The orc warrior hits you with a halberd!!
You closely miss the orc warrior. You block the orc warrior's attack.
You slash the orc warrior!
The orc warrior is severely wounded.
You slash the orc!
You kill the orc!
Makhleb accepts your kill.
The orc warrior hits you with a halberd!
* * * LOW HITPOINT WARNING * * *
You closely miss the orc warrior.
The orc warrior is severely wounded.
The orc warrior hits you with a halberd.
* * * LOW HITPOINT WARNING * * *
You hit the orc warrior. Your headbutt misses the orc warrior.
The orc warrior is severely wounded.
You block the orc warrior's attack.
You barely miss the orc warrior.
The orc warrior is severely wounded.
The orc warrior hits you with a halberd!
You die...

....##...##....#
....#..........# ....#
....#..........# ....##
#...##......(..# .....#
#...##.........# .....#
.........##....# .....#
....##...##....##.....#
#...##...##....)#o....#
#...##..........@)....#
#...##......###)###..##
............#≈≈.≈≈#####
............#≈♣.♣≈#...#
...........<'.._..'...#
#...##...##.#≈♣.♣≈#...#
######...##.#≈≈.≈≈#..(#
# #.......###'###...# #
#...........#.....#


You could see an orc warrior.

Vanquished Creatures
  A phantom (D:4)
  A sky beast (D:6)
  An ogre (D:5)
  2 scorpions (D:5)
  A howler monkey (D:4)
  A bullfrog zombie (D:6)
  A crimson imp (D:6)
  2 hounds
  2 orc priests
  An orc wizard (D:4)
  Crazy Yiuf (D:2)
  A bullfrog skeleton (D:6)
  2 iguanas
  4 worker ants
  A hound zombie (D:6)
  A worker ant zombie (D:5)
  6 adders
  A shadow imp (D:6)
  An ooze (D:2)
  An adder zombie (D:6)
  5 worms
  4 dart slugs
  5 leopard geckos
  11 orcs
  2 ball pythons
  10 bats
  6 giant cockroaches
  11 goblins
  9 hobgoblins
  6 jackals (D:4)
  6 kobolds
  3 quokkas
  4 frilled lizards
  A jackal skeleton (D:4)
  10 rats
125 creatures vanquished.

Notes
Turn   | Place    | Note
-------+----------+-------------------------------------------
     0 | D:1      | lysyklops the Minotaur Fighter began the quest for the Orb.
     0 | D:1      | Reached XP level 1. HP: 19/19 MP: 0/0
   115 | D:1      | Reached XP level 2. HP: 27/27 MP: 1/1
   553 | D:1      | Reached XP level 3. HP: 32/33 MP: 2/2
   703 | D:1      | Found a glowing golden altar of the Shining One.
   776 | D:2      | Found a blossoming altar of Fedhas.
   910 | D:2      | Reached XP level 4. HP: 40/40 MP: 3/3
  1128 | D:2      | Found a runed door.
  1323 | D:2      | Noticed Crazy Yiuf
  1327 | D:2      | Killed Crazy Yiuf
  1493 | D:3      | Reached XP level 5. HP: 45/47 MP: 4/4
  1710 | D:3      | Found a glowing silver altar of Zin.
  1712 | D:3      | Found a snail-covered altar of Cheibriados.
  1712 | D:3      | Found an ornate altar of the Wu Jian Council.
  1722 | D:3      | Found a shimmering altar of Xom.
  1722 | D:3      | Found an iron altar of Okawaru.
  1722 | D:3      | Found a sacrificial altar of Ru.
  1911 | D:4      | Found a blossoming altar of Fedhas.
  2037 | D:4      | Found a burning altar of Makhleb.
  2042 | D:4      | Reached skill level 5 in Armour
  2042 | D:4      | Reached skill level 5 in Shields
  2051 | D:4      | Became a worshipper of Makhleb the Destroyer
  2198 | D:4      | Reached skill level 5 in Fighting
  2271 | D:4      | Reached XP level 6. HP: 56/56 MP: 5/5
  2735 | D:4      | Found a hazy altar of Hepliaklqana.
  2873 | D:4      | Noticed an orc warrior
  2887 | D:5      | Entered Level 5 of the Dungeon
  2892 | D:5      | Reached XP level 7. HP: 53/62 MP: 6/6
  2908 | D:5      | Reached skill level 5 in Axes
  2930 | D:5      | Found a snail-covered altar of Cheibriados.
  3527 | D:5      | Found a glowing silver altar of Zin.
  3528 | D:5      | Found an opulent altar of Gozag.
  3964 | D:6      | Found a glowing golden altar of the Shining One.
  4045 | D:6      | Reached XP level 8. HP: 68/71 MP: 7/7
  4079 | D:6      | Found a staircase to the Ecumenical Temple.
  4179 | D:6      | Found a sparkling altar of Nemelex Xobeh.
  4240 | D:6      | Slain by an orc warrior

Skill      XL: |  1  2  3  4  5  6  7 |
---------------+----------------------+-----
Shields        | 4 5 6 |  6.7
Armour         | 4 5 6 |  6.7
Fighting       | 4 5 6 |  6.6
Axes           | 3 4 5 |  5.9

Action                   |  1- 3 |  4- 6 |  7- 9 || total
-------------------------+-------+-------+-------++-------
Melee: War axe           |   114 |   176 |    92 ||   382
       Headbutt          |     9 |    29 |    24 ||    62
  Eat: Chunk             |       |     6 |     2 ||     8
       Ration            |       |       |     1 ||     1
Armor: Scale mail        |    54 |    66 |    41 ||   161
Dodge: Dodged            |    38 |    48 |    25 ||   111
Block: Shield            |    72 |    93 |    42 ||   207
